 Dungeon Crawl Stone Soup version 0.28.0 (webtiles) character file.

Game seed: 12194245030644252537

453 dualclasshuman the Slasher (level 6, -4/52 HPs)
             Began as a Minotaur Gladiator on Feb 15, 2022.
             Was an Initiate of Yredelemnul.
             Succumbed to a gnoll's poison
             ... on level 4 of the Dungeon.
             The game lasted 00:12:40 (3529 turns).

dualclasshuman the Slasher (Minotaur Gladiator)     Turns: 3529, Time: 00:12:40

Health: -4/52      AC: 10    Str: 17 (18) XL:     6   Next: 75%
Magic:  5/5        EV:  8    Int:  3 (5)  God:    Yredelemnul [......]
Gold:   202        SH:  4    Dex: 13 (14) Spells: 5/5 levels left

rFire   + . .      SeeInvis .   a - +0 long sword
rCold   . . .      Faith    .   l - +0 buckler {rF+}
rNeg    . . .      Spirit   .   q - +0 chain mail
rPois   .          Reflect  .   c - +0 hat
rElec   .          Harm     .   (no cloak)
rCorr   .          Rampage  .   p - +0 pair of gloves
Will    .....                   (no boots)
Stlth   ..........              (no amulet)
HPRegen 0.17/turn               (no ring)
MPRegen 0.09/turn               (no ring)

@: lethally poisoned (-4 -> -30), flying
A: horns 2, retaliatory headbutt
a: Renounce Religion, Recall Undead Harvest


You were on level 4 of the Dungeon.
You worshipped Yredelemnul.
Yredelemnul was noncommittal.
You visited 2 branches of the dungeon, and saw 5 of its levels.

You collected 202 gold pieces.

Inventory:

Hand Weapons
 a - a +0 long sword (weapon)
 j - a +0 whip of venom
 w - a +0 short sword of speed
 x - a +0 long sword
Missiles
 d - 3 throwing nets (quivered)
Armour
 c - a +0 hat (worn)
 l - a +0 buckler of fire resistance (worn)
 p - a +0 pair of gloves (worn)
 q - a +0 chain mail (worn)
 r - a +0 buckler
Jewellery
 n - a +4 ring of evasion
Scrolls
 g - a scroll of vulnerability {unknown}
 h - 5 scrolls of identify {unknown}
 k - a scroll of blinking {unknown}
 o - a scroll of brand weapon {unknown}
 s - a scroll of fog {unknown}
 t - a scroll of amnesia {unknown}
 u - a scroll of enchant armour {unknown}
 v - a scroll of fear {unknown}
Potions
 b - 2 potions of cancellation {unknown}
 e - 2 potions of curing {unknown}
 f - a potion of invisibility {unknown}


   Skills:
 * Level 4.1 Fighting
 + Level 5.5 Long Blades
 + Level 2.0 Throwing
 * Level 4.3 Armour
 * Level 4.8 Dodging
 + Level 0.1 Stealth
 * Level 2.0 Shields


You had 5 spell levels left.
You didn't know any spells.
Your spell library was empty.

Dungeon Overview and Level Annotations

Branches:
Dungeon (4/15)             Temple (1/1) D:4

Altars:
Ashenzari
Cheibriados
Dithmenos
Elyvilon
Gozag
Hepliaklqana
Kikubaaqudgha
Nemelex Xobeh
Okawaru
Qazlal
Ru
Sif Muna
Trog
Vehumet
Wu Jian
Xom
Yredelemnul
Zin

Shops:
D:2 :   D:3 (

Annotations:
D:4 1 transporter


Innate Abilities, Weirdness & Mutations

You have a pair of horns on your head.
You reflexively headbutt those who attack you in melee.


Message History

The gnoll shouts!
You hear a shout!
The gnoll shouts!
The gnoll shouts!
There is a transporter here.
You enter the transporter and appear at another place.
The gnoll hits you from afar with a +2 halberd of venom.
You are poisoned.
The gnoll barely misses you.
You feel sick. The gnoll barely misses you.
You feel sick. The gnoll barely misses you.
There is an open translucent door here.
You feel sick.
You feel sick. You block the gnoll's attack.
You feel sick. The gnoll closely misses you.
You feel sick. The gnoll misses you.
The gnoll hits you with a +2 halberd of venom.
You are more poisoned.
You slash the gnoll! You headbutt the gnoll.
You kill the gnoll!
You feel very sick.
The gnoll hits you from afar with a +0 halberd of venom.
You are lethally poisoned!
The gnoll closely misses you.
You barely miss the gnoll.
You feel very sick. The gnoll barely misses you.
The gnoll hits you from afar with a +0 halberd of venom!
* * * LOW HITPOINT WARNING * * *
You are more poisoned.
It was a potion of degeneration.
There was something very wrong with that liquid.
You feel weakened.
You feel dopey.
You feel clumsy.
* * * LOW HITPOINT WARNING * * *
You feel extremely sick. The gnoll misses you. The gnoll barely misses you.
It was a potion of flight.
You feel very buoyant.
You fly up into the air.
You die...
Your body rises from the dead as a mindless zombie.

.[...≈≈#...........#≈≈.# #.####
.....≈≈###.##+##.###≈≈.# #.....
...#.≈≈..#.#...#.#..≈≈.# #.###.
.....≈≈.##.# .#.##.≈≈.### #.#...
...#.≈≈.#g.# #.©#.≈≈.#.###.#.#.
#.##.≈≈.##.#####.##.≈≈.......#.#.
#.##.....#.#8⌠8#.#..≈≈.#..###..#.
#.#.....©#.'.ggg.#©.≈≈.##.# #'###
#+#......#.#...#@#..≈≈.##.# ##...
.....≈≈.##.##.##.##.≈≈.##.# #.#.
.....≈≈.#..#...#..#.≈≈.##.# #.#.
.....≈≈.##.#⌠.⌠#.##.≈≈..#.## #.##
.....≈≈..#.#...#.#..≈≈.....###..[
.....≈≈###.##'##.###≈≈......#.###
.....≈≈#...........#≈≈.#...##...#
.....≈≈##.###.###.##≈≈.##.###._.#
...>.≈≈#..#8###8#..#≈≈.##.###...#


You could see 3 gnolls.

Vanquished Creatures
  A necrophage (D:4)
  An ogre (D:4)
  A howler monkey (D:4)
  A jelly (D:4)
  A hound (D:4)
  Jessica (D:3)
  4 gnolls
  4 adders
  An ufetubus (D:4)
  2 worms
  3 dart slugs
  8 orcs
  5 endoplasms
  5 giant cockroaches
  6 goblins
  2 hobgoblins (D:2)
  3 jackals (D:2)
  3 quokkas
  10 ball pythons
  2 frilled lizards
  3 kobolds
  12 rats
79 creatures vanquished.

Vanquished Creatures (others)
  6 plants (D:4)
6 creatures vanquished.

Grand Total: 85 creatures vanquished

Notes
Turn   | Place    | Note
-------+----------+-------------------------------------------
     0 | D:1      | dualclasshuman the Minotaur Gladiator began the quest for
                  | the Orb.
     0 | D:1      | Reached XP level 1. HP: 18/18 MP: 0/0
   352 | D:1      | Reached XP level 2. HP: 25/25 MP: 1/1
   421 | D:1      | Reached skill level 4 in Long Blades
   584 | D:1      | Found a faded altar of an unknown god.
   809 | D:2      | Reached XP level 3. HP: 30/30 MP: 2/2
  1040 | D:2      | Reached skill level 1 in Armour
  1048 | D:2      | Reached XP level 4. HP: 25/37 MP: 3/3
  1243 | D:2      | Found Odedaal's Book Shop.
  1575 | D:3      | Found Moesol's Antique Weapon Emporium.
  1723 | D:3      | Reached skill level 1 in Shields
  1946 | D:3      | Noticed Jessica
  1951 | D:3      | Killed Jessica
  1952 | D:3      | Reached XP level 5. HP: 41/45 MP: 4/4
  2214 | D:4      | Found a staircase to the Ecumenical Temple.
  2527 | D:4      | Noticed an ogre
  2536 | D:4      | Killed an ogre
  2537 | D:4      | Reached skill level 5 in Long Blades
  2537 | D:4      | Reached XP level 6. HP: 52/52 MP: 5/5
  2585 | D:4      | Found a transporter.
  2622 | D:4      | Found a transporter.
  2856 | D:4      | Found a radiant altar of Vehumet.
  2962 | D:4      | Found a snail-covered altar of Cheibriados.
  3158 | Temple   | Entered the Ecumenical Temple
  3447 | Temple   | Became a worshipper of Yredelemnul the Dark
  3528 | D:4      | HP: 1/52 [poisoned by a gnoll]
  3529 | D:4      | Succumbed to a gnoll's poison

Illustrated notes

Levels and vault maps discovered:
D:1:      zaba_arrival_water, layout_basic,
          shapermc_ecumenical_altar_starsandcircs, nrook_mini_backslash,
          serial_bayou_pond_e, minmay_rat_gold_closets
D:2:      layout_basic, serial_shops,
          nicolae_shop_temple_entry_statues_fountains, minmay_bisected
D:3:      layout_loops_ring, serial_shops, nicolae_diamond_shop, uniq_jessica
D:4:      layout_loops_corners, mainiacjoe_overflow_swirl,
          minmay_temple_entry_statues_fountains, gammafunk_ghost_gnarly_gnolls,
          eino_small_chamber_without_monster
Temple:   compressed_dpeg_circular_temple

Skill      XL: |  1  2  3  4  5  6 |
---------------+-------------------+-----
Long Blades    | 4 5 |  5.5
Dodging        | 4 |  4.8
Armour         | 2 3 4 |  4.3
Fighting       | 3 4 |  4.1
Shields        | 1 2 |  2.0
Throwing       | |  2.0
Stealth        | |  0.1

Action                   |  1- 3 |  4- 6 || total
-------------------------+-------+-------++-------
Melee: Long sword        |    75 |   117 ||   192
       Headbutt          |    11 |    18 ||    29
  Use: Potion            |     1 |     2 ||     3
Armor: Ring mail         |    18 |       ||    18
       Leather armour    |     2 |       ||     2
       Chain mail        |     3 |    54 ||    57
Dodge: Dodged            |    24 |    57 ||    81
Block: Buckler           |     5 |    26 ||    31
